Workbook

Sheet 別記様式第８号
A1: 別記様式第８号（第10第４項関係）
A4: ○○年度多面的機能支払交付金の消費税仕入控除税額報告書
A11: 地方農政局長 殿
A12: （北海道にあっては農林水産大臣、
A13: 沖縄県にあっては内閣府沖縄総合事務局長）
A16: 都道府県知事 氏 名
A18: ○○年○月○日付け○○第○○号をもって交付決定通知のあった多面的機能支払交付金について、多面的機能支払交付金交付要綱第10第４項の規定に基づき、下記のとおり報告する。
A21: 記
A24: １．適正化法第15条の交付金の額の確定額 | G24: 金 | H24: 0
A25: ( | C25: 付け | E25: 号による額の確定通知額）
A27: ２．交付金の確定時に減額した消費税仕入控除税額 | G27: 金 | H27: 0
A29: ３．消費税の申告により確定した消費税仕入控除税額 | G29: 金 | H29: 0
A31: ４．交付金返還相当額（３－２） | G31: 金 | H31: 0
B33: （注） | C33: 記載内容の確認のため、以下の資料を添付すること。
B34: なお、交付対象事業者が法人格を有しない組合等の場合には、すべての構成員分を添付すること。
B35: ・消費税確定申告書の写し（税務署の収受印等のあるもの）
B36: ・付表２「課税売り上げ割合・控除対象仕入課税額等の計算表」の写し
B37: ・３の金額の積算の内訳（人件費に通勤手当を含む場合は、その内訳を確認できる資料も併せて提出すること。）
B38: ・交付対象事業者が消費税法第60条第４項に定める法人等である場合には、同項に規定する特定収入の割合を確認できる資料
A40: ５．当該交付金に係る消費税等仕入控除税額が明らかにならない場合には、その状況を記載
J42: =IF(別記様式第８号!F66<>"",別記様式第８号!F66,"") | K42: =IF(別記様式第８号!G66<>"",別記様式第８号!G66,"") | L42: =IF(別記様式第８号!H66<>"",別記様式第８号!H66,"") | M42: =IF(別記様式第８号!I66<>"",別記様式第８号!I66,"") | N42: =IF(別記様式第８号!J66<>"",別記様式第８号!J66,"") | O42: =IF(別記様式第８号!K66<>"",別記様式第８号!K66,"") | P42: =IF(別記様式第８号!L66<>"",別記様式第８号!L66,"") | Q42: =IF(別記様式第８号!M66<>"",別記様式第８号!M66,"") | ... XFD42: =IF(別記様式第８号!XEZ66<>"",別記様式第８号!XEZ66,"")
A44: （注）消費税及び地方消費税の確定申告が完了していない場合にあっては、申告予定時期も記載すること。
A45: ６．当該交付金に係る仕入れに係る消費税等相当額がない場合には、その理由を記載
A50: （注）記載内容の確認のため、以下の資料を添付すること。
B51: なお、交付対象事業者が法人格を有しない組合等の場合には、すべての構成員分を添付すること。
B52: ・免税事業者の場合には、交付対象事業実施年度の前々年度に係る法人税（個人事業者の場合は所得税）確定申告書の写し（税務署の収受印等のあるもの）及び損益計算書等、売上高を確認できる資料
B53: ・新たに設立された法人であって、かつ免税事業者の場合は、設立日、事業年度、事業開始日、事業開始日における資本金又は出資金の金額が証明できる書類など、免税事業者であることを確認できる資料
B54: ・簡易課税制度の適用を受ける事業者の場合には、交付対象事業実施年度における消費税確定申告書（簡易課税用）の写し（税務署の収受印等のあるもの）
B55: ・交付対象事業者が消費税法第60条第４項に定める法人等である場合には、同項に規定する特定収入の割合を確認できる資料

Sheet 【記入例】別記様式第８号
A1: 別記様式第８号（第10第４項関係）
A4: ○○年度多面的機能支払交付金の消費税仕入控除税額報告書
H7: 番 号
H8: 45017
A11: 地方農政局長 殿
A12: （北海道にあっては農林水産大臣、
A13: 沖縄県にあっては内閣府沖縄総合事務局長）
A16: 都道府県知事 氏 名
A18: ○○年○月○日付け○○第○○号をもって交付決定通知のあった多面的機能支払交付金について、多面的機能支払交付金交付要綱第10第４項の規定に基づき、下記のとおり報告する。
A21: 記
A24: １．適正化法第15条の交付金の額の確定額 | G24: 金 | H24: 0
A25: ( | B25: 45017 | C25: 付け | D25: 第 号 | E25: 号による額の確定通知額）
A27: ２．交付金の確定時に減額した消費税仕入控除税額 | G27: 金 | H27: 0
A29: ３．消費税の申告により確定した消費税仕入控除税額 | G29: 金 | H29: 0
A31: ４．交付金返還相当額（３－２） | G31: 金 | H31: 0
B33: （注） | C33: 記載内容の確認のため、以下の資料を添付すること。
B34: なお、交付対象事業者が法人格を有しない組合等の場合には、すべての構成員分を添付すること。
B35: ・消費税確定申告書の写し（税務署の収受印等のあるもの）
B36: ・付表２「課税売り上げ割合・控除対象仕入課税額等の計算表」の写し
B37: ・３の金額の積算の内訳（人件費に通勤手当を含む場合は、その内訳を確認できる資料も併せて提出すること。）
B38: ・交付対象事業者が消費税法第60条第４項に定める法人等である場合には、同項に規定する特定収入の割合を確認できる資料
A40: ５．当該交付金に係る消費税等仕入控除税額が明らかにならない場合には、その状況を記載
A41: テスト１
J42: =IF(【記入例】別記様式第８号!F66<>"",【記入例】別記様式第８号!F66,"") | K42: =IF(【記入例】別記様式第８号!G66<>"",【記入例】別記様式第８号!G66,"") | L42: =IF(【記入例】別記様式第８号!H66<>"",【記入例】別記様式第８号!H66,"") | M42: =IF(【記入例】別記様式第８号!I66<>"",【記入例】別記様式第８号!I66,"") | N42: =IF(【記入例】別記様式第８号!J66<>"",【記入例】別記様式第８号!J66,"") | O42: =IF(【記入例】別記様式第８号!K66<>"",【記入例】別記様式第８号!K66,"") | P42: =IF(【記入例】別記様式第８号!L66<>"",【記入例】別記様式第８号!L66,"") | Q42: =IF(【記入例】別記様式第８号!M66<>"",【記入例】別記様式第８号!M66,"") | ... XFD42: =IF(【記入例】別記様式第８号!XEZ66<>"",【記入例】別記様式第８号!XEZ66,"")
A44: （注）消費税及び地方消費税の確定申告が完了していない場合にあっては、申告予定時期も記載すること。
A45: ６．当該交付金に係る仕入れに係る消費税等相当額がない場合には、その理由を記載
A46: テスト２
A50: （注）記載内容の確認のため、以下の資料を添付すること。
B51: なお、交付対象事業者が法人格を有しない組合等の場合には、すべての構成員分を添付すること。
B52: ・免税事業者の場合には、交付対象事業実施年度の前々年度に係る法人税（個人事業者の場合は所得税）確定申告書の写し（税務署の収受印等のあるもの）及び損益計算書等、売上高を確認できる資料
B53: ・新たに設立された法人であって、かつ免税事業者の場合は、設立日、事業年度、事業開始日、事業開始日における資本金又は出資金の金額が証明できる書類など、免税事業者であることを確認できる資料
B54: ・簡易課税制度の適用を受ける事業者の場合には、交付対象事業実施年度における消費税確定申告書（簡易課税用）の写し（税務署の収受印等のあるもの）
B55: ・交付対象事業者が消費税法第60条第４項に定める法人等である場合には、同項に規定する特定収入の割合を確認できる資料

Sheet データ取込シート_別記様式第８号
A1: 文書番号 | B1: 作成年月日 | C1: 額の確定通知額の日付 | D1: 額の確定通知額の文書番号 | E1: １．適正化法第15条の交付金の額の確定額 | F1: ２．交付金の確定時に減額した消費税仕入控除税額 | G1: ３．消費税の申告により確定した消費税仕入控除税額 | H1: ４．交付金返還相当額（３－２） | I1: ５．当該交付金に係る消費税等仕入控除税額が～ | J1: ６．当該交付金に係る仕入れに～
A2: =IF(別記様式第８号!H7<>"",別記様式第８号!H7,"") | B2: =IF(別記様式第８号!H8<>"",別記様式第８号!H8,"") | C2: =IF(別記様式第８号!B25<>"",別記様式第８号!B25,"") | D2: =IF(別記様式第８号!D25<>"",別記様式第８号!D25,"") | E2: =IF(別記様式第８号!H24<>"",別記様式第８号!H24,"") -> 0 | F2: =IF(別記様式第８号!H27<>"",別記様式第８号!H27,"") -> 0 | G2: =IF(別記様式第８号!H29<>"",別記様式第８号!H29,"") -> 0 | H2: =IF(別記様式第８号!H31<>"",別記様式第８号!H31,"") -> 0 | I2: =IF(別記様式第８号!A41<>"",別記様式第８号!A41,"") | J2: =IF(別記様式第８号!A46<>"",別記様式第８号!A46,"")
